 Dungeon Crawl Stone Soup version 0.30-a0-782-ge64f9170bb (webtiles) character file.

Game seed: 17075311527709894961

28 112233 the Magician (level 3, 0/19 HPs)
             Began as a Deep Elf Air Elementalist on Feb 25, 2023.
             Slain by Sigmund
             ... wielding a +0 scythe
              (7 damage)
             ... on level 2 of the Dungeon.
             The game lasted 00:00:44 (1001 turns).

112233 the Magician (Deep Elf Air Elementalist)     Turns: 1001, Time: 00:00:45

Health: 0/19       AC:  3    Str:  5    XL:     3   Next: 0%
Magic:  4/10       EV: 12    Int: 21    God:
Gold:   20         SH:  0    Dex: 15    Spells: 7/10 levels left

rFire   . . .      SeeInvis .    b - +0 whip
rCold   . . .      Faith    .    (no shield)
rNeg    . . .      Spirit   .    d - +1 robe {Will+}
rPois   .          Reflect  .    (no helmet)
rElec   .          Harm     .    (no cloak)
rCorr   .          Rampage  .    (no gloves)
Will    +....                    (no boots)
Stlth   ++                       (no amulet)
HPRegen 0.23/turn                (no ring)
MPRegen 0.12/turn                (no ring)

@: no status effects
A: no striking features
a: no special abilities


You were on level 2 of the Dungeon.
You visited 1 branch of the dungeon, and saw 2 of its levels.

You collected 20 gold pieces.

Inventory:

Hand Weapons
 b - a +0 whip (weapon)
Missiles
 j - 2 throwing nets
Armour
 a - a +0 robe
 d - a +1 robe of willpower (worn)
Jewellery
 k - a ring of resist corrosion
Scrolls
 c - a scroll of poison {unknown}
 h - 3 scrolls of identify {unknown}
 l - a scroll of fear {unknown}
Potions
 e - a potion of might {unknown}
 f - 3 potions of curing {unknown}
 g - 2 potions of haste
 i - a potion of attraction {unknown}


   Skills:
 - Level 2.5 Dodging
 - Level 2.6 Stealth
 + Level 4.4 Spellcasting
 - Level 1.3 Conjurations
 - Level 3.0 Air Magic


You had 7 spell levels left.
You knew the following spells:

 Your Spells              Type           Power      Damage    Failure   Level
a - Shock                 Conj/Air       52%        1d6       4%          1
b - Static Discharge      Conj/Air       26%        2-4/arc   7%          2

Your spell library contained the following spells:

 Spells                   Type           Power      Damage    Failure   Level
 Magic Dart               Conj           40%        1d5       7%          1
 Searing Ray              Conj           20%        2d5       10%         2
 Swiftness                Air            17%        N/A       10%         3
 Airstrike                Air            8%         2d(2-18)  32%         4
 Fulminant Prism          Conj/Hex       3%         3d5       65%         4


Dungeon Overview and Level Annotations

Branches:
Dungeon (2/15)

Altars:

Annotations:
D:2 Sigmund


Message History

Confirm with . or Enter, or press ? or * to list all spells.
Aiming: Shock (safe; 4% risk of failure)
Press: ? - help, Shift-Dir - straight line, f/p - Sigmund
Aim: Sigmund, wielding a +0 scythe and wearing a +0 robe (lightly wounded, 64% to hit)
The zap misses Sigmund.
Unknown command.
Casting: Shock (safe; 4% risk of failure)
Confirm with . or Enter, or press ? or * to list all spells.
Aiming: Shock (safe; 4% risk of failure)
Press: ? - help, Shift-Dir - straight line, f/p - Sigmund
Aim: Sigmund, wielding a +0 scythe and wearing a +0 robe (lightly wounded, 64% to hit)
The zap hits Sigmund.
Sigmund is lightly wounded.
Sigmund gestures at you while chanting. You resist with almost no effort.
Unknown command.
Casting: Shock (safe; 4% risk of failure)
Confirm with . or Enter, or press ? or * to list all spells.
Aiming: Shock (safe; 4% risk of failure)
Press: ? - help, Shift-Dir - straight line, f/p - Sigmund
Aim: Sigmund, wielding a +0 scythe and wearing a +0 robe (lightly wounded, 64% to hit)
The zap hits Sigmund.
Sigmund is moderately wounded.
Sigmund's eyes start glowing with a red light.
Sigmund drinks a potion.
Sigmund seems to speed up.
Unknown command.
Sigmund casts a spell at you. You resist with almost no effort.
Sigmund says, "Look into my eyes."
Sigmund closely misses you. Sigmund completely misses you.
Casting: Shock (safe; 4% risk of failure)
Confirm with . or Enter, or press ? or * to list all spells.
Sigmund is struck by an arc of lightning.
Sigmund is heavily wounded.
You are struck by an arc of lightning.
The lightning grounds out.
Sigmund hits you with a +0 scythe!
Ouch! That really hurt!
Sigmund hits you with a +0 scythe!
You die...

#....# .. #....#
#.. #....#
#..#####....#
#...........#####
.................
#............#
###+#.....@@......
........#####.##.#
..............#
.....###..#####
#### ##.##
#########..#
#........#.#
##<......#.#
#.......#.#


You could see Sigmund (fast).

Vanquished Creatures
  A dart slug (D:1)
  3 endoplasms
  A giant cockroach (D:1)
  A goblin (D:1)
  4 hobgoblins
  3 jackals (D:1)
  A kobold (D:1)
  A quokka (D:1)
  A ball python (D:1)
  5 bats (D:1)
  A frilled lizard (D:1)
22 creatures vanquished.

Notes
Turn   | Place    | Note
-------+----------+-------------------------------------------
     0 | D:1      | 112233 the Deep Elf Air Elementalist began the quest for
                  | the Orb.
     0 | D:1      | Reached XP level 1. HP: 10/10 MP: 6/6
   234 | D:1      | Reached XP level 2. HP: 15/15 MP: 5/8
   674 | D:1      | Reached skill level 4 in Spellcasting
   931 | D:2      | Reached XP level 3. HP: 19/19 MP: 2/10
   934 | D:2      | Learned a level 2 spell: Static Discharge
   991 | D:2      | Noticed Sigmund
  1001 | D:2      | Slain by Sigmund

Illustrated notes

Levels and vault maps discovered:
D:1:      dpeg_arrival_oval, layout_rooms, hangedman_feature_mirror
D:2:      layout_basic, shapermc_ecumenical_altar_hornbeckon, uniq_sigmund

Skill      XL: |  1  2 |
---------------+-------+-----
Spellcasting   | 4 |  4.4
Dodging        | |  2.5
Stealth        | |  2.6
Conjurations   | |  1.3
Air Magic      | |  3.0

Action                     || total
---------------------------++-------
  Melee: Unarmed           ||     4
   Cast: Shock             ||    50
         Static Discharge  ||     1
    Use: Potion            ||     1
 Armour: Robe              ||     3
  Dodge: Dodged            ||    11

Table legend: (Time is in decaauts)
 A = Elapsed time spent in this place.
 B = Non-inter-level travel time spent in this place.
 C = Inter-level travel time spent in this place.
 D = Time resting spent in this place.
 E = Time spent auto-exploring this place.
 F = Levels seen in this place.
 G = Mean time per level.
                   A        B        C        D        E       F      G
               +--------+--------+--------+--------+--------+-----+--------+
         Total |   1000 |    977 |     23 |      0 |    857 |   2 |  500.0 |
       Dungeon |   1000 |    977 |     23 |      0 |    857 |   2 |  500.0 |
               +--------+--------+--------+--------+--------+-----+--------+

Top non-repeatable levels by time:
     D:1: 908 daAuts
     D:2: 91 daAuts
